 Dungeon Crawl Stone Soup version 0.25.1-2-g60ff931df9 (webtiles) character file.

Game seed: 5937062295229272028

82 Delamore the Cudgeler (level 4, -1/28 HPs)
             Began as a Gargoyle Fighter on Aug 20, 2020.
             Slain by an orc
             ... wielding a +0 war axe
              (6 damage)
             ... on level 4 of the Dungeon.
             The game lasted 00:01:08 (1192 turns).

Delamore the Cudgeler (Gargoyle Fighter)            Turns: 1192, Time: 00:01:08

Health: -1/28      AC: 10    Str: 21    XL:     4   Next: 43%
Magic:  4/4        EV:  7    Int:  8    God:
Gold:   125        SH:  9    Dex:  9    Spells: 3/3 levels left

rFire    . . .     SeeInvis .   a - +0 flail
rCold    . . .     Gourm    .   c - +0 kite shield
rNeg     + . .     Faith    .   b - +0 scale mail
rPois    ∞         Spirit   .   (no helmet)
rElec    +         Reflect  .   (no cloak)
rCorr    .         Harm     .   (no gloves)
MR       .....                  (no boots)
Stlth    ..........             (no amulet)
HPRegen  0.09/turn              (no ring)
MPRegen  0.09/turn              (no ring)

@: mighty
A: negative energy resistance 1, electricity resistance, unbreathing,
petrification resistance, rot immunity, AC +3
a: no special abilities


You were on level 4 of the Dungeon.
You were not hungry.

You visited 1 branch of the dungeon, and saw 3 of its levels.

You collected 125 gold pieces.

Inventory:

Hand Weapons
 a - a +0 flail (weapon)
Armour
 b - a +0 scale mail (worn)
 c - a +0 kite shield (worn)
Jewellery
 e - an uncursed ring of magical power {unknown}
Wands
 n - a wand of random effects (9)
Scrolls
 j - 2 scrolls of identify {unknown}
 l - a scroll of immolation {unknown}
 m - 2 scrolls of remove curse {unknown}
Potions
 h - 6 potions of curing
 i - a potion of brilliance {unknown}
 k - a potion of lignification {unknown}
 o - a potion of haste {unknown}
Comestibles
 f - 5 rations


   Skills:
 - Level 3.2 Fighting
 + Level 4.5 Maces & Flails
 - Level 3.2 Armour
 - Level 3.2 Shields


You had 3 spell levels left.
You didn't know any spells.
Your spell library was empty.

Dungeon Overview and Level Annotations

Branches:
Dungeon (2/15)

Altars:
Qazlal
Xom


Innate Abilities, Weirdness & Mutations

You are resistant to torment.
Your stone body is resilient. (AC +3)
You are immune to poison.
You resist negative energy. (rN+)
You are resistant to electric shocks. (rElec)
You can survive without breathing.
You are immune to petrification.
You are immune to rotting.


Message History

The hound barely misses you. The orc closely misses you.
The orc hits you but does no damage. You block the orc's attack.
The orc hits you but does no damage. x2; The hound barely misses you.
The orc hits you but does no damage. The orc hits you.
* * * LOW HITPOINT WARNING * * *
The orc barely misses you. The orc hits you but does no damage.
You sock the orc!
You kill the orc!
You block the hound's attack. The orc hits you but does no damage.
The hound closely misses you. You block the orc's attack.
The orc hits you but does no damage. The orc hits you.
* * * LOW HITPOINT WARNING * * *
You barely miss the orc. The hound barely misses you.
The orc barely misses you. You block the orc's attack. x2
The orc hits you but does no damage. The hound closely misses you.
The orc barely misses you.
You closely miss the orc. You block the hound's attack.
You block the orc's attack. The orc hits you but does no damage.
You block the orc's attack. The orc hits you with a +0 war axe.
You die...

.#####.....#
...........#
...........#
..........?
..........#
..........#
>.....oho.#####
......o@o.....###
......oo........#
..........!.....#
##+######.......#
#.......#
####....# ....#
#####


You could see a hound and 6 orcs.

Vanquished Creatures
  An orc wizard (D:4)
  An adder (D:2)
  2 dart slugs (D:1)
  An orc (D:4)
  2 giant cockroaches (D:1)
  4 hobgoblins (D:1)
  5 jackals
  5 kobolds
  4 bats
  2 frilled lizards
  7 goblins
  3 rats
37 creatures vanquished.

Notes
Turn   | Place    | Note
-------+----------+-------------------------------------------
     0 | D:1      | Delamore the Gargoyle Fighter began the quest for the Orb.
     0 | D:1      | Reached XP level 1. HP: 14/14 MP: 1/1
   298 | D:1      | Reached XP level 2. HP: 19/19 MP: 2/2
   306 | D:1      | Reached skill level 3 in Maces & Flails
   434 | D:1      | Reached XP level 3. HP: 23/23 MP: 3/3
  1022 | D:2      | Found a shimmering altar of Xom.
  1044 | D:2      | Reached skill level 4 in Maces & Flails
  1078 | D:2      | Found a stormy altar of Qazlal.
  1177 | D:2      | You fall into a shaft and drop 2 floors!
  1189 | D:4      | Reached XP level 4. HP: 8/28 MP: 4/4
  1192 | D:4      | Slain by an orc

Illustrated notes

Levels and vault maps discovered:
D:1:      nzn_arrival_settlement, layout_rooms
D:2:      layout_basic, grunt_temple_overflow_forces_of_nature, xom_butterflies,
          uniq_terence, uniq_crazy_yiuf_cottage
D:4:      layout_basic, grunt_temple_overflow_open, gup_sewer_entry_bubbles,
          minivault_1

Skill      XL: |  1  2  3 |
---------------+----------+-----
Maces & Flails | 3 4 |  4.5
Fighting       | |  3.2
Armour         | |  3.2
Shields        | |  3.2

Action                   |  1- 3 |  4- 6 || total
-------------------------+-------+-------++-------
Melee: Flail             |   148 |     3 ||   151
  Use: Potion            |     2 |       ||     2
  Eat: Chunk             |     1 |       ||     1
Armor: Scale mail        |   118 |     8 ||   126
Dodge: Dodged            |    69 |     9 ||    78
Block: Kite shield       |    91 |     8 ||    99
